 Dungeon Crawl Stone Soup version 0.18-a0-1468-gaf180a1 (webtiles) character file.

26 namelastname112 the Conjurer (level 2, -3/20 HPs)
             Began as a Draconian Conjurer on Mar 1, 2016.
             Slain by an adder (5 damage)
             ... on level 2 of the Dungeon.
             The game lasted 00:01:58 (1203 turns).

namelastname112 the Conjurer (Draconian Conjurer)   Turns: 1203, Time: 00:01:59

Health: -3/20      AC:  4    Str: 15    XL:     2   Next: 89%
Magic:  0/5        EV: 12    Int: 20    God:
Gold:   41         SH:  0    Dex: 11    Spells: 2 memorised, 3 levels left

rFire  + . .     SeeInvis .     g - +0 dagger
rCold  + . .     Gourm    .     (armour unavailable)
rNeg   . . .     Faith    .     (no shield)
rPois  +         Spirit   .     (helmet restricted)
rElec  +         Dismiss  .     (no cloak)
rCorr  +         Reflect  .     (no gloves)
SustAt .         Harm     .     (no boots)
MR     .....                    (no amulet)
Stlth  ++........               (no ring)
                                l - ring of poison resistance

@: mighty, brilliant, lethally poisoned (-3 -> -5), resistant, very slightly
contaminated, not resistant to hostile enchantments, unstealthy
A: unfitting armour, cold-blooded, AC +4
a: no special abilities


You were on level 2 of the Dungeon.
You were very hungry.

You visited 1 branch of the dungeon, and saw 2 of its levels.

You collected 41 gold pieces.

Inventory:

Hand Weapons
 g - a +0 dagger (weapon)
Jewellery
 l - a ring of poison resistance (left hand)
Scrolls
 d - 2 scrolls of immolation {unknown}
 f - a scroll of amnesia {unknown}
Potions
 c - a potion of might
 e - a potion of beneficial mutation {unknown}
 h - a potion of curing {unknown}
 j - a potion of brilliance
Books
 a - a book of Conjurations

   Spells                             Type                      Level
   a - Magic Dart                     Conjuration                  1
   b - Searing Ray                    Conjuration                  2
   c - Dazzling Spray                 Conjuration/Hexes            3
   d - Fulminant Prism                Conjuration/Hexes            4
   e - Iskenderun's Mystic Blast      Conjuration                  4
   f - Iskenderun's Battlesphere      Conjuration/Charms           5
Comestibles
 b - 3 bread rations
 i - a beef jerky


   Skills:
 - Level 1.7 Dodging
 - Level 1.7 Stealth
 + Level 2.6 Spellcasting
 + Level 4.5 Conjurations


You had 3 spell levels left.
You knew the following spells:

 Your Spells              Type           Power        Failure   Level  Hunger
x - Searing Ray           Conj           ####..       1%          2    ##.....
z - Magic Dart            Conj           ####         1%          1    None


Dungeon Overview and Level Annotations

Branches:
Dungeon (2/15)

Altars:
Ashenzari


Innate Abilities, Weirdness & Mutations

Your plain brown scales are hard (AC +4).
Your body does not fit into most forms of armour.
You are cold-blooded and may be slowed by cold attacks.


Message History

Aim: an adder (heavily wounded)
The magic dart hits the adder.
The adder is severely wounded.
* * * LOW HITPOINT WARNING * * *
You feel sick. The adder bites you but does no damage. The adder bites you.
* * * LOW HITPOINT WARNING * * *
Unknown command.
Drink which item? (? for menu, Esc to quit)
It was a potion of might.
You feel very mighty all of a sudden. The adder barely misses you.
Drink which item? (? for menu, Esc to quit)
It was a potion of brilliance.
You feel clever all of a sudden. The adder completely misses you.
Drink which item? (? for menu, Esc to quit)
It was a potion of resistance.
You feel protected. The adder bites you.
You die...

#.###.#.##### #.#
#...........# #.#
#####....##.####.#
#.#..........#
####.##.##.###.##
#....##.##.# #..#
#.#####.##.# #♣.♣
#.# #.##.# ♣.♣ #.#
#.##.# ♣@♣ #)#
#.##.# ♣S♣ #.#
#.##.# ♣.♣ #.#
#..#.# ♣.♣ #.# ♣.♣
#.# ♣.♣ ##.# ♣.♣
...# #.# ####
#.w.)..#


You could see an adder.

Vanquished Creatures
  An adder (D:2)
  2 dart slugs (D:1)
  A ball python (D:1)
  2 giant cockroaches
  A goblin (D:2)
  A hobgoblin (D:1)
  3 bats (D:1)
  A giant newt (D:2)
  A kobold (D:2)
13 creatures vanquished.

Notes
Turn   | Place    | Note
--------------------------------------------------------------
     0 | D:1      | namelastname112 the Draconian Conjurer began the quest for the Orb.
     0 | D:1      | Reached XP level 1. HP: 14/14 MP: 3/3
   347 | D:1      | Found a shattered altar of Ashenzari.
   564 | D:1      | Reached XP level 2. HP: 20/20 MP: 0/5
   568 | D:1      | Learned a level 2 spell: Searing Ray
  1201 | D:2      | namelastname112: вот тебе блять и пойзон резистанс
  1203 | D:2      | Slain by an adder

Vault maps used:
D:1:      dpeg_arrival_houses_and_road, serial_bayou_ford_a,
          minmay_misc_feat_rows, evilmike_ruin_ashenzari
D:2:      serial_forest, infiniplex_forest_pool, infiniplex_forest_straight_3,
          infiniplex_forest_clump_diagonal, infiniplex_forest_straight_2,
          infiniplex_forest_clump_curved, first_bread, okawaru_altar_gauntlet_db

Action                   || total
-------------------------++-------
Melee: Dagger            ||     4
 Cast: Magic Dart        ||    33
  Use: Potion            ||     3
